 Dungeon Crawl Stone Soup version 0.31-a0-187-gba352fbbf7 (webtiles) character file.

Game seed: 8026895061194380277

23 qw the Shooter (level 2, 0/16 HPs)
             Began as a Deep Elf Hunter on June 22, 2023.
             Succumbed to an adder's poison
             ... on level 1 of the Dungeon.
             The game lasted 00:00:16 (798 turns).

qw the Shooter (Deep Elf Hunter)                     Turns: 798, Time: 00:00:17

Health: 0/16       AC:  4    Str:  8    XL:     2   Next: 72%
Magic:  4/4        EV: 12    Int: 13    God:
Gold:   96         SH:  0    Dex: 18    Spells: 1/1 levels left

rFire   . . .        Y - +0 shortbow
rCold   . . .        (shield currently unavailable)
rNeg    . . .        c - +0 leather armour
rPois   .            h - +0 helmet
rElec   .            (no cloak)
rCorr   .            (no gloves)
SInv    .            (no boots)
Will    .....        (no amulet)
Stlth   ++           (no ring)
HPRegen 0.22/turn    (no ring)
MPRegen 0.09/turn

%: no passive effects
@: lethally poisoned (0 -> -7)
A: no striking features
a: no special abilities


You were on level 1 of the Dungeon.
You visited 1 branch of the dungeon, and saw 2 of its levels.

You collected 96 gold pieces.


   Skills:
 - Level 1.5 Fighting
 + Level 6.4 Ranged Weapons
 - Level 2.4 Dodging
 - Level 1.2 Stealth


You had one spell level left.
You didn't know any spells.
Your spell library was empty.

Inventory:

Hand Weapons
 Y - a +0 shortbow (weapon)
Armour
 c - a +0 leather armour (worn)
 h - a +0 helmet (worn)
Scrolls
 g - a scroll of identify
Potions
 f - a potion of resistance
 i - a potion of might
 k - a potion of curing

Dungeon Overview and Level Annotations

Branches:
Dungeon (2/15)

Altars:

Shops:
D:1 =

Annotations:
D:2 Jessica


Message History

Jessica gestures at you while chanting. Pain shoots through your body!
The ball python moves out of view.
784 ||| STAIRDANCE You climb upwards.
There is a stone staircase leading down here.
Enter note:
Enter note:
Enter note: You start resting.
You feel a little less mighty now.
HP restored.
Done exploring.
(D) Dungeon
Where to? (* - list waypoints, Enter - D:2, ? - help)
What level of the Dungeon? (default 1, ? - help)
You climb downwards.
Level annotation: Jessica The endoplasm quivers.
The adder closely misses you. The adder bites you but does no damage.
There is a stone staircase leading up here.
You shoot an arrow. The arrow hits the adder!
The adder is severely wounded.
The adder barely misses you. The endoplasm freezes you.
You are frozen.
Jessica grins evilly.
The adder bites you.
You are poisoned.
The adder poisons you!
796 ||| STAIRDANCE You feel sick.
The endoplasm hits you.
Jessica casts a spell.
Jessica blinks!
The adder bites you.
You are lethally poisoned!
The adder poisons you!
You climb upwards.
You feel very sick.
There is a stone staircase leading down here.
You shoot an arrow. The arrow misses the adder.
You die...

#.##....................##
#.#.....##.#.######......#
#.#..#.###.#.# #.#.##.#
#..........#.# ##.#.##.#
##.......###.#####....##.#
#.............#......##.#
#..PP...#.....#.#..#.##.#
#..7P)..#..J..#.#.......#
##.......#..@..#.#....####
#..#....##..S..#.###..#
#.###..#########.###..#
#..#...# ##.......#
##...#.# ##.#.###.##
#####.######.###.%..#
#.........#.#####
##########.## ###


You could see an adder and an endoplasm.

Vanquished Creatures
  A dart slug (D:1)
  2 endoplasms (D:1)
  3 giant cockroaches
  2 goblins (D:1)
  2 hobgoblins (D:1)
  4 kobolds (D:1)
  A ball python (D:1)
  A frilled lizard (D:1)
  3 rats (D:1)
19 creatures vanquished.

Notes
Turn   | Place    | Note
-------+----------+-------------------------------------------
     0 | D:1      | qw the Deep Elf Hunter began the quest for the Orb.
     0 | D:1      | Reached XP level 1. HP: 12/12 MP: 3/3
     0 | D:1      | 0 ||| qw: Version: 0.3-a-9-g12657ce
     0 | D:1      | 0 ||| qw: Game counter: 2673
     0 | D:1      | 0 ||| qw: Always use a shield: true
     0 | D:1      | 0 ||| qw: God list: Okawaru
     0 | D:1      | 0 ||| qw: Allow faded altars: false
     0 | D:1      | 0 ||| qw: Do Orc after D:15 true
     0 | D:1      | 0 ||| qw: Do second Lair branch before Depths: true
     0 | D:1      | 0 ||| qw: Lair rune preference: random
     0 | D:1      | 0 ||| qw: Plans: Normal
     0 | D:1      | 0 ||| PLANNING D:1-11
   307 | D:1      | Reached XP level 2. HP: 12/16 MP: 4/4
   338 | D:1      | Reached skill level 6 in Ranged Weapons
   361 | D:1      | Found Xigoerchu's Jewellery Emporium.
   370 | D:1      | 370 ||| SHOPLISTING +5 ring of evasion (504 gold, have 79).
   370 | D:1      | 370 ||| SHOPLISTING +6 ring of dexterity (504 gold, have
                  | 79).
   370 | D:1      | 370 ||| SHOPLISTING ring of ice (350 gold, have 79).
   370 | D:1      | 370 ||| SHOPLISTING ring of see invisible (210 gold, have
                  | 79).
   718 | D:1      | 718 ||| DROPPING scarf of harm.
   719 | D:1      | 719 ||| UPGRADING to +0 helmet.
   724 | D:1      | 724 ||| READING scroll labelled SOKKIA CIHIR.
   725 | D:1      | 725 ||| READING 4 scrolls labelled ISMUESU ESEQO.
   726 | D:1      | 726 ||| READING scroll labelled LUIS OBANOERU.
   727 | D:1      | 727 ||| DRINKING 2 dark potions.
   728 | D:1      | 728 ||| READING 3 scrolls of identify.
   728 | D:1      | 728 ||| IDENTIFYING orange potion
   729 | D:1      | 729 ||| READING 2 scrolls of identify.
   729 | D:1      | 729 ||| IDENTIFYING fizzy golden potion
   730 | D:1      | 730 ||| DROPPING scroll of butterflies.
   780 | D:2      | Noticed Jessica
   784 | D:2      | 784 ||| STAIRDANCE
   796 | D:2      | 796 ||| STAIRDANCE
   797 | D:1      | HP: 2/16 [poisoned by an adder]
   798 | D:1      | Succumbed to an adder's poison

Levels and vault maps discovered:
D:1:      lemuel_arrival_cross, layout_loops_cross, serial_shops,
          nicolae_shop_gaudy_bauble, serial_park_tiny_1
D:2:      layout_rooms, minmay_pentomino_t4, uniq_crazy_yiuf_cottage,
          uniq_jessica

Skill      XL: |  1  2 |
---------------+-------+-----
Ranged Weapons | 6 |  6.4
Fighting       | |  1.5
Dodging        | |  2.4
Stealth        | |  1.2

Action                     || total
---------------------------++-------
   Fire: Shortbow          ||    46
    Use: Scroll            ||     5
         Potion            ||     1
 Armour: Leather armour    ||     2
  Dodge: Dodged            ||     9

Table legend:
 A = Non-vault XP
 B = Vault XP
 C = Vault XP percentage of total XP
 D = Non-vault monster count
 E = Vault monster count
 F = Vault count percentage of total count
                 A         B        C        D         E       F
            +---------+---------+-------+---------+---------+-------
      Total |      33 |       0 |   0.0 |      19 |       0 |   0.0
            +---------+---------+-------+---------+---------+-------
        D:1 |      31 |       0 |   0.0 |      18 |       0 |   0.0
        D:2 |       2 |       0 |   0.0 |       1 |       0 |   0.0
            +---------+---------+-------+---------+---------+-------
